 Dungeon Crawl Stone Soup version 0.19-a0-1068-g99dd0f4 (webtiles) character file.

522 Jmtri7 the Sneak (level 7, -1/43 HPs)
             Began as an Octopode Transmuter on Aug 5, 2016.
             Slain by Pikel
             ... wielding a +2 whip of freezing
              (9 damage)
             ... on level 5 of the Dungeon.
             The game lasted 00:11:34 (4194 turns).

Jmtri7 the Sneak (Octopode Transmuter)              Turns: 4194, Time: 00:11:35

Health: -1/43      AC:  2    Str: 11    XL:     7   Next: 22%
Magic:  5/10       EV: 20    Int: 16    God:
Gold:   204        SH:  0    Dex: 21    Spells: 2 memorised, 6 levels left

rFire  . . .     SeeInvis .       - Unarmed
rCold  . . .     Gourm    .     (shield currently unavailable)
rNeg   . . .     Faith    .     (helmet currently unavailable)
rPois  x         Spirit   .     (no amulet)
rElec  .         Dismiss  .     s - +4 ring of dexterity
rCorr  .         Reflect  .     v - ring of wizardry
SustAt .         Harm     .     (no ring)
MR     .....                    (no ring)
Stlth  +++++.....               (no ring)
                                (no ring)
                                (no ring)
                                (no ring)

@: spider-form
A: almost no armour, (amphibious), 8 rings, (constrict 8), (camouflage 0),
(gelatinous body 0)
a: End Transformation


You were on level 5 of the Dungeon.
You were very hungry.
You were a venomous arachnid creature.
You visited 1 branch of the dungeon, and saw 5 of its levels.

You collected 204 gold pieces.

Inventory:

Missiles
 a - 22 arrows
Armour
 f - a +1 hat of intelligence (melded)
Jewellery
 s - a +4 ring of dexterity (left front leg)
 u - an uncursed ring of ice
 v - a ring of wizardry (right front leg)
Scrolls
 d - 4 scrolls of identify {unknown}
 e - a scroll of teleportation {unknown}
 h - a scroll of enchant armour {unknown}
 j - a scroll of fog {unknown}
 k - 2 scrolls of enchant weapon {unknown}
 l - a scroll of immolation {unknown}
 m - 2 scrolls of remove curse {unknown}
 t - 2 scrolls of recharging {unknown}
 w - a scroll of fear {unknown}
Potions
 g - a potion of cancellation {unknown}
 n - a potion of cure mutation {unknown}
 o - a potion of invisibility {unknown}
 p - a potion of might {unknown}
 q - 2 potions of curing {unknown}
 r - 2 potions of brilliance {unknown}
Books
 b - a book of Changes

   Spells                             Type                      Level
   a - Beastly Appendage              Transmutation                1
   b - Sticks to Snakes               Transmutation                2
   c - Spider Form                    Transmutation/Poison         3
   d - Ice Form                       Ice/Transmutation            4
   e - Blade Hands                    Transmutation                5
Comestibles
 c - 7 bread rations
 i - 2 fruits
 x - a slice of pizza


   Skills:
 - Level 1.0 Fighting
 - Level 2.0 Dodging
 - Level 7.0 Stealth
 - Level 3.0 Unarmed Combat
 - Level 2.0 Spellcasting
 + Level 5.7 Transmutations


You had 6 spell levels left.
You knew the following spells:

 Your Spells              Type           Power        Failure   Level  Hunger
a - Beastly Appendage     Tmut           ###...       3%          1    #......
b - Spider Form           Tmut/Pois      ##........   17%         3    ###....


Dungeon Overview and Level Annotations

Branches:
Dungeon (5/15)
 Temple: D:4-7

Altars:
Dithmenos
Fedhas
Hepliaklqana
Pakellas
Qazlal
Vehumet
Yredelemnul

Annotations:
D:5 Pikel


Innate Abilities, Weirdness & Mutations

You cannot wear most types of armour.
((You are amphibious.))
You can wear up to eight rings at the same time.
((You can use your tentacles to constrict eight enemies at once.))
((Your skin changes colour to match your surroundings (Stealth+).))
((Your rubbery body absorbs attacks. (AC +1, EV +1)))


Message History

You hit Pikel.
Pikel looks as sick as possible!
Pikel is heavily wounded.
Pikel hits you with a whip of freezing!
* * * LOW HITPOINT WARNING * * *
Pikel freezes you.
* * * LOW HITPOINT WARNING * * *
Pikel cracks his whip.
A howler monkey skeleton comes into view.
There is an open door here.
Pikel says, "You'll fetch a fair price!"
Your transformation has ended.
Your +1 hat of intelligence unmelds from your body.
You feel clever.
Casting: Spider Form
Confirm with . or Enter, or press ? or * to list all spells.
You turn into a venomous arachnid creature.
Your +1 hat of intelligence melds into your body.
You feel stupid. Pikel hits you with a whip of freezing!
You die...

#.#...#.# #.##########...
#.#...#.####..............
#.#...#.......########p...
#.#...##........#...(.....
#.#.<.##.####.#.#.####..†.
#.#...##.####.#.#.........
#.#...##......#.######....
#.#...........#.######....
#...#....sKp..#...........
#########.)...#######......
#.......Z.....s.p.p.'.....#
##.######....)#######...).#
#.# ####### #####.# #.# ..
#.########################
#.........................
#########################.


You could see Pikel, 2 slaves, a giant cockroach and a howler monkey skeleton.

Vanquished Creatures
  Sigmund (D:2)
  A slave (D:5)
  An ogre (D:5)
  An iguana (D:5)
  Natasha (thrice) (D:2)
  A worker ant (D:4)
  A hound zombie (D:5)
  3 adders
  3 gnolls (D:2)
  8 worms
  A dart slug (D:1)
  A giant gecko (D:3)
  7 orcs (D:3)
  A giant cockroach (D:2)
  3 goblins
  4 hobgoblins (D:1)
  2 jackals (D:3)
  7 kobolds
  5 quokkas
  7 bats
  4 giant newts
  A jackal zombie (D:5)
  13 rats
  A spectral orc (D:3)
80 creatures vanquished.

Notes
Turn   | Place    | Note
-------+----------+-------------------------------------------
     0 | D:1      | Jmtri7 the Octopode Transmuter began the quest for the Orb.
     0 | D:1      | Reached XP level 1. HP: 13/13 MP: 3/3
    87 | D:1      | Reached skill level 1 in Stealth
   158 | D:1      | Reached XP level 2. HP: 15/18 MP: 5/5
   230 | D:1      | Reached skill level 2 in Stealth
  1049 | D:2      | Reached XP level 3. HP: 23/23 MP: 6/6
  1184 | D:2      | Learned a level 3 spell: Spider Form
  1190 | D:2      | Reached skill level 3 in Stealth
  1325 | D:2      | Noticed Natasha
  1327 | D:2      | Noticed Sigmund
  1332 | D:2      | Killed Natasha
  1332 | D:2      | Reached XP level 4. HP: 24/28 MP: 3/7
  1346 | D:2      | Found a shadowy altar of Dithmenos.
  1362 | D:2      | Killed Sigmund
  1362 | D:2      | Reached skill level 5 in Stealth
  1362 | D:2      | Reached XP level 5. HP: 23/33 MP: 2/8
  1395 | D:2      | Noticed Natasha
  1407 | D:2      | Killed Natasha
  1407 | D:2      | Reached XP level 6. HP: 32/38 MP: 3/9
  1547 | D:2      | Reached skill level 6 in Stealth
  1918 | D:2      | Noticed Natasha
  1928 | D:2      | Killed Natasha
  2273 | D:3      | Found a hazy altar of Hepliaklqana.
  2362 | D:3      | Found a shadowy altar of Dithmenos.
  2392 | D:3      | Found an oddly glowing altar of Pakellas.
  2471 | D:3      | Found a blossoming altar of Fedhas.
  2570 | D:3      | Found a radiant altar of Vehumet.
  2677 | D:3      | Found a basalt altar of Yredelemnul.
  2896 | D:3      | Found a stormy altar of Qazlal.
  2898 | D:3      | Noticed a fire elemental
  2898 | D:3      | Noticed a water elemental
  2898 | D:3      | Noticed an air elemental
  3388 | D:4      | Reached skill level 5 in Transmutations
  3459 | D:4      | Noticed a phantom
  3494 | D:5      | Entered Level 5 of the Dungeon
  3502 | D:5      | Reached skill level 7 in Stealth
  3773 | D:5      | HP: 1/38 [ogre/giant spiked club (25)]
  3786 | D:5      | HP: 1/38 [hound zombie (2)]
  3788 | D:5      | Reached XP level 7. HP: 1/43 MP: 7/10
  4160 | D:5      | Noticed Pikel
  4194 | D:5      | Slain by Pikel

Vault maps used:
D:1:      dpeg_arrival_chase
D:2:      nicolae_dithmenos_through_a_glass_darkly, uniq_sigmund, uniq_natasha
D:3:      yredelemnul_forgotten_temple_becter, nicolae_qazlal_style_of_elements,
          old_standard_altar, nicolae_overflow_hidden_temple, serial_curves,
          eino_curves_04, eino_curves_02
D:4:      marbit_many_paths, zin_scriptorium
D:5:      lightli_temple_of_fire, first_bread, uniq_pikel

Skill      XL: |  1  2  3  4  5  6 |
---------------+-------------------+-----
Stealth        | 1 2 3 5 7 |  7.0
Transmutations | 3 4 5 |  5.7
Fighting       | |  1.0
Dodging        | |  2.0
Unarmed Combat | |  3.0
Spellcasting   | |  2.0

Action                   |  1- 3 |  4- 6 |  7- 9 || total
-------------------------+-------+-------+-------++-------
Melee: Unarmed           |    74 |   148 |    22 ||   244
       Constrict         |    16 |    12 |       ||    28
       Tentacles         |     5 |     7 |       ||    12
       Punch             |     1 |     3 |       ||     4
 Cast: Spider Form       |     2 |    20 |     5 ||    27
       Beastly Appendage |       |     3 |       ||     3
 Stab: Sleeping          |     4 |     8 |     1 ||    13
  Eat: Chunk             |     1 |    11 |     1 ||    13
Armor: Skin              |     7 |    10 |     1 ||    18
Dodge: Dodged            |    43 |   124 |    17 ||   184
